 Dungeon Crawl Stone Soup version 0.23-a0-175-g97aacdb (webtiles) character file.

1064 Amnesiac the Magician (level 8, 52/52 HPs)
             Began as a Mummy Ice Elementalist on Sept 16, 2018.
             Quit the game on level 6 of the Dungeon.
             The game lasted 00:11:39 (4783 turns).

Amnesiac the Magician (Mummy Ice Elementalist)      Turns: 4783, Time: 00:11:40

Health: 52/52      AC:  6    Str: 12    XL:     8   Next: 6%
Magic:  7/17       EV: 11    Int: 20    God:
Gold:   266        SH:  0    Dex: 12    Spells: 9/19 levels left

rFire    x . .     SeeInvis .   c - +0 long sword
rCold    + . .     Gourm    .   (no shield)
rNeg     + + +     Faith    .   h - +0 leather armour "Tokuicah" {rPois Int+2 Stlth+}
rPois    ∞         Spirit   .   o - +1 helmet
rElec    .         Reflect  .   b - +0 cloak
rCorr    .         Harm     .   (no gloves)
MR       +....                  (no boots)
Stlth    ++........             (no amulet)
HPRegen  0.17/turn              f - +2 ring of intelligence
MPRegen  0.15/turn              (no ring)

@: no status effects
A: no food or potions, fire vulnerability, cold resistance 1, negative energy
resistance 3, torment resistance, unbreathing
a: no special abilities


You were on level 6 of the Dungeon.
You were not hungry.

You visited 2 branches of the dungeon, and saw 9 of its levels.

You collected 266 gold pieces.

Inventory:

Hand Weapons
 a - a +0 blowgun
 c - a +0 long sword (weapon)
Missiles
 m - 25 poisoned needles
Armour
 b - a +0 cloak (worn)
 h - the +0 leather armour "Tokuicah" (worn) {rPois Int+2 Stlth+}
   (You found it on level 4 of the Dungeon)

   It affects your intelligence (+2).
   It protects you from poison.
   It makes you more stealthy.
 o - a +1 helmet (worn)
Jewellery
 f - a +2 ring of intelligence (left hand)
 q - an uncursed ring of protection from cold {unknown}
Wands
 i - a wand of disintegration (13)
 r - a wand of digging (14)
Scrolls
 d - 5 scrolls of remove curse {!r, unknown}
 e - 2 scrolls of teleportation {!r, unknown}
 g - a scroll of blinking {!r, unknown}
 j - 5 scrolls of identify {!r, unknown}
 k - a scroll of immolation {!r, unknown}
 l - 3 scrolls of fog {!r, unknown}
 n - a scroll of enchant weapon {!r, unknown}
 p - a scroll of amnesia {!r, unknown}
 s - a scroll of fear {!r, unknown}


   Skills:
 - Level 1.5 Dodging
 - Level 1.5 Stealth
 - Level 6.1 Spellcasting
 * Level 3.9 Conjurations
 - Level 6.1 Ice Magic


You had 9 spell levels left.
You knew the following spells:

 Your Spells              Type           Power        Failure   Level  Hunger
a - Freeze                Ice            ####         1%          1    N/A
d - Throw Icicle          Conj/Ice       ####....     17%         4    N/A
e - Throw Frost           Conj/Ice       ####..       2%          2    N/A
z - Ozocubu's Armour      Chrm/Ice       ###.....     11%         3    N/A

Your spell library contained the following spells:

 Spells                   Type           Power        Failure   Level  Hunger
 Summon Ice Beast         Ice/Summ       ###.....     36%         4    N/A

Dungeon Overview and Level Annotations

Branches:
Dungeon (8/15)             Temple (1/1) D:4
   Lair: D:8-11

Altars:
Ashenzari
Cheibriados
Dithmenos
Elyvilon
Fedhas
Hepliaklqana
Kikubaaqudgha
Makhleb
Nemelex Xobeh
Okawaru
Qazlal
Ru
Sif Muna
Trog
Uskayaw
Wu Jian
Xom
Yredelemnul
Zin
The Shining One

Annotations:
D:8 exclusion: ugly thing


Innate Abilities, Weirdness & Mutations

You do not eat or drink.
Your flesh is vulnerable to fire.
You are immune to poison.
Your flesh is cold resistant. (rC+)
You are immune to negative energy. (rN+++)
You are immune to unholy pain and torment.
You can survive without breathing.


Message History

Confirm with . or Enter, or press ? or * to list all spells.
Aiming: Throw Icicle (slightly dangerous; 19% risk of failure)
Press: ? - help, Shift-Dir - straight line, f - quokka
Aim: a quokka The shard of ice misses the quokka.
Casting: Throw Icicle (slightly dangerous; 19% risk of failure)
Confirm with . or Enter, or press ? or * to list all spells.
Aiming: Throw Icicle (slightly dangerous; 19% risk of failure)
Press: ? - help, Shift-Dir - straight line, f/p - quokka
Aim: a quokka The shard of ice hits the quokka.
You kill the quokka!
You start resting.
Magic restored.
You start resting.
Magic restored.
You start resting.
HP restored.
Found 27 bolts.
A bullfrog comes into view.
A bullfrog is nearby!
A bullfrog is nearby!
Casting: Throw Icicle (slightly dangerous; 19% risk of failure)
Confirm with . or Enter, or press ? or * to list all spells.
Aiming: Throw Icicle (slightly dangerous; 19% risk of failure)
Press: ? - help, Shift-Dir - straight line, f - bullfrog
Aim: a bullfrog (resting)
The shard of ice hits the bullfrog.
The bullfrog is heavily wounded.
The bullfrog gives a loud, deep croak!
Casting: Throw Icicle (slightly dangerous; 19% risk of failure)
Confirm with . or Enter, or press ? or * to list all spells.
Aiming: Throw Icicle (slightly dangerous; 19% risk of failure)
Press: ? - help, Shift-Dir - straight line, f/p - bullfrog
Aim: a bullfrog (heavily wounded)
The shard of ice hits the bullfrog.
The bullfrog is almost dead.
Casting: Throw Icicle (slightly dangerous; 19% risk of failure)
Confirm with . or Enter, or press ? or * to list all spells.
Aiming: Throw Icicle (slightly dangerous; 19% risk of failure)
Press: ? - help, Shift-Dir - straight line, f/p - bullfrog
Aim: a bullfrog (almost dead)
The shard of ice hits the bullfrog.
You kill the bullfrog!
An adder comes into view.
An adder is nearby!
Casting: Throw Icicle (slightly dangerous; 17% risk of failure)
Confirm with . or Enter, or press ? or * to list all spells.
You can't see any susceptible monsters within range! (Use Z to cast anyway.)
Casting: Throw Icicle (slightly dangerous; 17% risk of failure)
Confirm with . or Enter, or press ? or * to list all spells.
You can't see any susceptible monsters within range! (Use Z to cast anyway.)
Casting: Throw Icicle (slightly dangerous; 17% risk of failure)
Confirm with . or Enter, or press ? or * to list all spells.
You can't see any susceptible monsters within range! (Use Z to cast anyway.)
Casting: Throw Icicle (slightly dangerous; 17% risk of failure)
Confirm with . or Enter, or press ? or * to list all spells.
You can't see any susceptible monsters within range! (Use Z to cast anyway.)
Casting: Throw Icicle (slightly dangerous; 17% risk of failure)
Confirm with . or Enter, or press ? or * to list all spells.
You can't see any susceptible monsters within range! (Use Z to cast anyway.)
An adder comes into view.
The adder hisses angrily.
Are you sure you want to abandon this character and quit the game? (Confirm

#..P......#
#...♣.....#
##........#
##........#
##.......###
##..###...#
##..## ##..#
##..## #..#
#@### ###
#S#.......
#.. .......
#... .....S.
.....
.......
##..#.
.......
##.##
####### #.


You could see 2 adders.

Vanquished Creatures
  A sky beast (D:7)
  A crocodile (D:8)
  2 bullfrogs
  A scorpion (D:7)
  A killer bee (D:8)
  A howler monkey (D:7)
  4 crimson imps
  A bullfrog zombie (D:5)
  A quasit (D:8)
  An orc priest (D:4)
  2 orc wizards
  An iguana (D:7)
  4 worker ants
  9 gnolls
  6 adders
  2 oozes
  An adder skeleton (D:7)
  A worm (D:2)
  2 dart slugs
  2 leopard geckos
  11 orcs
  6 bats
  3 giant cockroaches
  7 goblins
  A hobgoblin (D:2)
  6 jackals (D:5)
  5 kobolds
  2 quokkas
  A frilled lizard (D:4)
  A leopard gecko zombie (D:8)
  2 rats
89 creatures vanquished.

Vanquished Creatures (others)
  9 fungi (D:8)
9 creatures vanquished.

Grand Total: 98 creatures vanquished

Notes
Turn   | Place    | Note
-------+----------+-------------------------------------------
     0 | D:1      | Amnesiac the Mummy Ice Elementalist began the quest for the
                  | Orb.
     0 | D:1      | Reached XP level 1. HP: 13/13 MP: 4/4
   208 | D:1      | Reached XP level 2. HP: 18/19 MP: 1/6
   510 | D:3      | Found a faded altar of an unknown god.
   672 | D:3      | Learned a level 2 spell: Throw Frost
   823 | D:4      | Reached XP level 3. HP: 21/24 MP: 5/8
   841 | D:3      | Found a stormy altar of Qazlal.
   982 | D:4      | Learned a level 3 spell: Ozocubu's Armour
  1085 | D:4      | Noticed a phantom
  1095 | D:4      | Got an encrusted leather armour
  1101 | D:5      | Entered Level 5 of the Dungeon
  1165 | D:4      | Reached XP level 4. HP: 21/30 MP: 7/10
  1171 | D:4      | Learned a level 4 spell: Throw Icicle
  1672 | D:4      | Found a staircase to the Ecumenical Temple.
  1680 | D:4      | Reached XP level 5. HP: 35/35 MP: 7/11
  1686 | Temple   | Entered the Ecumenical Temple
  2154 | D:2      | Found a snail-covered altar of Cheibriados.
  2173 | D:2      | Identified the +0 leather armour "Tokuicah" {rPois Int+2
                  | Stlth+} (You found it on level 4 of the Dungeon)
  3014 | D:3      | Reached XP level 6. HP: 39/41 MP: 9/13
  3398 | D:5      | Reached skill level 5 in Ice Magic
  3432 | D:5      | Found a bloodstained altar of Trog.
  3712 | D:5      | Reached skill level 5 in Spellcasting
  4015 | D:7      | Reached XP level 7. HP: 46/46 MP: 9/15
  4286 | D:8      | Reached skill level 1 in Conjurations
  4329 | D:8      | Noticed a red ugly thing
  4531 | D:7      | Reached XP level 8. HP: 9/52 MP: 10/17
  4783 | D:6      | Quit the game

Vault maps used:
D:1:      eino_arrival_water_star, st_stairs_9, minmay_gold_behind_fungi,
          doesnt_xom_only_xom
D:2:      cheibriados_altar_1, grunt_ministairs_5, nrook_loot_triangle,
          supply_closet_lemuel
D:3:      overflow_temple_1_default, chequers_ecumenical_altar_island,
          first_ration
D:4:      minmay_temple_entry_glassed_door
D:5:      bloody_trog
D:6:      serial_shops, nicolae_shop_behind_doors, serial_park_tiny_2
D:7:      lightli_ossuary_entry_decrepit_ruins
D:8:      chequers_temple_overflow_statue_of_worship,
          due_lair_maze_entry_diamond, hangedman_little_slice_of_home,
          kennysheep_flooded_box, minmay_misc_feat_five, hangedman_tree_tricks
Temple:   compressed_dpeg_circular_temple

Skill      XL: |  1  2  3  4  5  6  7 |
---------------+----------------------+-----
Spellcasting   | 3 4 5 6 |  6.1
Ice Magic      | 3 4 5 6 |  6.1
Conjurations   | 3 |  3.9
Dodging        | |  1.5
Stealth        | |  1.5

Action                   |  1- 3 |  4- 6 |  7- 9 || total
-------------------------+-------+-------+-------++-------
Melee: Unarmed           |     3 |       |       ||     3
       Short sword       |     2 |       |       ||     2
       Long sword        |     3 |    16 |    26 ||    45
 Cast: Freeze            |    39 |    93 |    32 ||   164
       Throw Frost       |       |     6 |       ||     6
       Throw Icicle      |       |       |     8 ||     8
       Ozocubu's Armour  |       |       |     1 ||     1
 Stab: Sleeping          |       |     1 |     1 ||     2
Armor: Robe              |     9 |     2 |       ||    11
       Leather armour    |       |    18 |    48 ||    66
Dodge: Dodged            |    37 |    62 |    30 ||   129
       Rpst.: Long sword |     3 |    26 |     8 ||    37

Table legend:
 A = Non-vault XP
 B = Vault XP
 C = Vault XP percentage of total XP
 D = Non-vault monster count
 E = Vault monster count
 F = Vault count percentage of total count
                 A         B        C        D         E       F
            +---------+---------+-------+---------+---------+-------
      Total |    1453 |      67 |   4.4 |      85 |       4 |   4.5
            +---------+---------+-------+---------+---------+-------
        D:1 |      14 |       4 |  22.2 |       6 |       2 |  25.0
        D:2 |     137 |       4 |   2.8 |      21 |       1 |   4.5
        D:3 |      52 |       0 |   0.0 |      14 |       0 |   0.0
        D:4 |     185 |       0 |   0.0 |      11 |       0 |   0.0
        D:5 |     107 |       0 |   0.0 |      12 |       0 |   0.0
        D:6 |     142 |       0 |   0.0 |       3 |       0 |   0.0
        D:7 |     499 |       0 |   0.0 |      11 |       0 |   0.0
        D:8 |     317 |      59 |  15.7 |       7 |       1 |  12.5
            +---------+---------+-------+---------+---------+-------
